[Event "Titled Tuesday Blitz August 22 Early 2023"]
[White "Shvedova, Alexandra"]
[Black "Molina, Roberto Junio Brito"]
[WhiteFideId "54154782"]
[BlackFideId "2109450"]
[WhiteElo "2546"]
[BlackElo "2828"]
[Result "1/2-1/2"]
[Round "8"]
[TimeControl "180+1"]
[Date "2023.08.22"]
[WhiteClock "0:00:23"]
[BlackClock "0:00:30"]
[Board "61"]

1. e4 c6 2. d4 d5 3. e5 Bf5 4. Nf3 e6 5. Be2 Nd7 6. O-O Bg6 7. Nbd2 Nh6 8. a4 Nf5 9. a5 Be7 10. Nb3 O-O 11. c3 b6 12. Bd2 c5 13. Re1 c4 14. Nc1 b5 15. Bf1 a6 16. Ne2 Nb8 17. Nf4 Nc6 18. Nxg6 fxg6 19. b4 cxb3 20. Qxb3 Nxa5 21. Qc2 Nc4 22. Bd3 a5 23. Bc1 Qd7 24. Ng5 a4 25. Qe2 h6 26. Nh3 g5 27. f4 gxf4 28. Nxf4 Bg5 29. Ng6 Bxc1 30. Nxf8 Rxf8 31. Rexc1 Qe7 32. Rf1 Qg5 33. Bxc4 dxc4 34. Qf3 Rb8 35. d5 Qe3+ 36. Qxe3 Nxe3 37. dxe6 Nxf1 38. Rxf1 a3 39. Ra1 Ra8 40. Kf2 Kf8 41. Ke3 Ke7 42. Kd4 Kxe6 43. Kc5 Kxe5 44. Kxb5 Kd5 45. Rd1+ Ke4 46. Kxc4 a2 47. Ra1 Ke3 48. Kb3 Kd3 49. Rd1+ Ke2 50. Ra1 Rb8+ 51. Kxa2 Kd2 52. c4 Kd3 53. Rc1 Kd4 54. c5 Kd5 55. c6 Kd6 56. c7 Rc8 57. Kb3 Rxc7 58. Rxc7 Kxc7 59. Kc4 Kc6 60. Kd4 Kd6 61. Ke4 Ke6 62. Kf4 Kf6 63. Kg4 g6 64. h3 Ke5 65. h4 Ke4 66. Kg3 h5 67. Kh3 Kf4 68. Kh2 Kg4 69. g3 Kf3 70. Kh3 Kf2 71. Kh2 Kf1 72. Kh1 Ke2 73. Kg2 Ke3 74. Kh3 Kf3 75. Kh2 Kf2 76. Kh3 Kg1 77. g4 Kf2 78. gxh5 gxh5 79. Kh2 Kf3 80. Kh3 Kf4 81. Kh2 Kg4 82. Kg2 Kxh4 83. Kh2 Kg4 84. Kh1 h4 85. Kh2 h3 86. Kh1 Kg3 87. Kg1 h2+ 88. Kh1 Kh3 1/2-1/2


[Site "https://www.chess.com"]

[Event "Titled Tuesday Blitz August 22 Early 2023"]
[White "Kushko, Dmitriy"]
[Black "Nazaretyan, Tigran"]
[WhiteFideId "14162261"]
[BlackFideId "24162345"]
[WhiteElo "2759"]
[BlackElo "2541"]
[Result "1-0"]
[Round "8"]
[TimeControl "180+1"]
[Date "2023.08.22"]
[WhiteClock "0:00:46"]
[BlackClock "0:00:00"]
[Board "62"]

1. Nf3 Nf6 2. g3 g6 3. Bg2 Bg7 4. d4 O-O 5. O-O d6 6. Re1 c5 7. dxc5 dxc5 8. c3 Nc6 9. Qxd8 Rxd8 10. Be3 Nd7 11. Rd1 Rb8 12. Na3 b6 13. Bf4 e5 14. Bg5 f6 15. Be3 Ba6 16. Ng5 fxg5 17. Bxc6 Nf6 18. Bxg5 Bxe2 19. Re1 Ba6 20. Rxe5 h6 21. Bxf6 Bxf6 22. Re6 Kf7 23. Rae1 Rd2 24. Bb5 Bb7 25. Nc4 Rdd8 26. Nd6+ Rxd6 27. Rxd6 g5 28. Bc4+ Kg7 29. Ree6 Bd8 30. Re8 b5 31. Rdxd8 Rxd8 32. Rxd8 Bf3 33. Bd5 Be2 34. Rd7+ Kf6 35. Rxa7 Ke5 36. Bg2 Bd3 37. a4 bxa4 38. Rxa4 h5 39. f4+ gxf4 40. Rxf4 c4 41. h4 Ke6 42. Kf2 1-0


[Site "https://www.chess.com"]

[Event "Titled Tuesday Blitz August 22 Early 2023"]
[White "Starozhilov, Leonid"]
[Black "Al-Tarboush, Ward"]
[WhiteFideId "14106752"]
[BlackFideId "7601450"]
[WhiteElo "2750"]
[BlackElo "2537"]
[Result "1-0"]
[Round "8"]
[TimeControl "180+1"]
[Date "2023.08.22"]
[WhiteClock "0:00:08"]
[BlackClock "0:01:53"]
[Board "63"]

1. e4 c5 2. Nf3 Nc6 3. Bb5 e6 4. O-O Nge7 5. Re1 b6 6. c3 a6 7. Bxc6 Nxc6 8. d4 d5 9. exd5 Qxd5 10. Be3 Be7 11. dxc5 Qxd1 12. Rxd1 bxc5 13. Na3 O-O 14. Nc4 Rb8 15. Bf4 Rb5 16. Bd6 Bb7 17. Bxe7 Nxe7 18. a4 Rb3 19. Nfd2 Bd5 20. Nxb3 Bxc4 21. Nxc5 Nd5 22. b3 Be2 23. Rd2 Rc8 24. Rxe2 Nxc3 25. Rc2 Rxc5 26. Kf1 Nxa4 27. Rxc5 Nxc5 28. b4 Nb3 29. Rxa6 Kf8 30. Ra7 Nd4 31. f4 Ke8 32. Kf2 h5 33. g3 g6 34. Ke3 Nc6 35. Rb7 Ne7 36. Rxe7+ Kxe7 37. Kd4 Kd6 38. h3 f6 39. g4 Kc6 40. g5 e5+ 41. fxe5 fxg5 42. b5+ Kc7 43. e6 h4 44. b6+ Kxb6 45. e7 g4 46. e8=Q 1-0


[Site "https://www.chess.com"]

[Event "Titled Tuesday Blitz August 22 Early 2023"]
[White "Kosteniuk, Alexandra"]
[Black "Martin Carmona, Gaston Manuel"]
[WhiteFideId "4128125"]
[BlackFideId "22284567"]
[WhiteElo "2744"]
[BlackElo "2534"]
[Result "1-0"]
[Round "8"]
[TimeControl "180+1"]
[Date "2023.08.22"]
[WhiteClock "0:01:45"]
[BlackClock "0:00:41"]
[Board "64"]

1. d4 Nf6 2. c4 g6 3. Nc3 Bg7 4. e4 d6 5. Nf3 O-O 6. Be2 e5 7. O-O exd4 8. Nxd4 Re8 9. f3 c6 10. Nc2 Qb6+ 11. Be3 Qxb2 12. Bd4 Ng4 13. Rb1 Bxd4+ 14. Qxd4 Qxc2 15. Rfc1 c5 16. Qxd6 Qxc1+ 17. Rxc1 Ne5 18. Nd5 1-0


[Site "https://www.chess.com"]

[Event "Titled Tuesday Blitz August 22 Early 2023"]
[White "NovozhilovSemen"]
[Black "Wagner, Dennis"]
[BlackFideId "24650684"]
[WhiteElo "2527"]
[BlackElo "2742"]
[Result "0-1"]
[Round "8"]
[TimeControl "180+1"]
[Date "2023.08.22"]
[WhiteClock "0:00:50"]
[BlackClock "0:00:46"]
[Board "65"]

1. d4 Nf6 2. Nf3 b6 3. e3 Bb7 4. Bd3 e6 5. O-O d5 6. b3 Nbd7 7. Bb2 Bd6 8. c4 O-O 9. Nc3 a6 10. Rc1 Qe7 11. Rc2 c5 12. cxd5 exd5 13. Bf5 Rfd8 14. Re1 Nf8 15. Qe2 Ne6 16. Bxe6 fxe6 17. Na4 Nd7 18. Rec1 c4 19. bxc4 dxc4 20. Nc3 b5 21. e4 Bf4 22. Rd1 Nb6 23. a3 Rac8 24. h4 Bd6 25. Nb1 a5 26. Qe3 b4 27. axb4 axb4 28. h5 c3 29. Ba1 h6 30. Ne1 Na4 31. Rcc1 Qh4 32. g3 Qxe4 33. Qxe4 Bxe4 34. Nc2 b3 35. Nxc3 Nxc3 36. Bxc3 bxc2 37. Re1 Rxc3 0-1


[Site "https://www.chess.com"]

[Event "Titled Tuesday Blitz August 22 Early 2023"]
[White "Blanco Ronquillo, Humberto L."]
[Black "Balabayeva, Xeniya"]
[WhiteFideId "3504239"]
[BlackFideId "13719688"]
[WhiteElo "2710"]
[BlackElo "2526"]
[Result "1-0"]
[Round "8"]
[TimeControl "180+1"]
[Date "2023.08.22"]
[WhiteClock "0:00:18"]
[BlackClock "0:00:00"]
[Board "66"]

1. d4 d5 2. c4 e6 3. Nc3 Nf6 4. Nf3 c5 5. cxd5 cxd4 6. Qxd4 exd5 7. Bg5 Be7 8. e3 O-O 9. Be2 Nc6 10. Qa4 Be6 11. O-O Qb6 12. Qb5 Qxb5 13. Nxb5 Rac8 14. Rac1 Rfd8 15. Rfd1 Kf8 16. h3 h6 17. Bh4 g5 18. Bg3 Ne4 19. Bh2 Bf6 20. Nbd4 Nb4 21. a3 Nc6 22. Bd3 g4 23. hxg4 Bxg4 24. Nxc6 Rxc6 25. Rxc6 bxc6 26. b4 Ng5 27. Be2 Bb2 28. a4 Bc3 29. b5 cxb5 30. axb5 Bxf3 31. gxf3 Ne6 32. f4 f6 33. f5 1-0


[Site "https://www.chess.com"]

[Event "Titled Tuesday Blitz August 22 Early 2023"]
[White "Lehtosaari, Mauri"]
[Black "Matinian, Nikita"]
[WhiteFideId "501999"]
[BlackFideId "24129100"]
[WhiteElo "2525"]
[BlackElo "2702"]
[Result "0-1"]
[Round "8"]
[TimeControl "180+1"]
[Date "2023.08.22"]
[WhiteClock "0:00:10"]
[BlackClock "0:01:07"]
[Board "67"]

1. d4 Nf6 2. Nf3 e6 3. Bg5 h6 4. Bh4 g5 5. Bg3 Ne4 6. Nbd2 Nxg3 7. hxg3 c5 8. c3 Nc6 9. e3 d5 10. Bd3 f5 11. Bb5 Bd6 12. dxc5 Bc7 13. Nd4 Bd7 14. Qh5+ Ke7 15. Qg6 Qg8 16. Qxg8 Raxg8 17. Nxc6+ bxc6 18. Bd3 e5 19. b4 h5 20. O-O-O h4 21. gxh4 gxh4 22. Bf1 e4 23. Nb3 f4 24. Nd4 fxe3 25. fxe3 Rg3 26. Re1 Kf6 27. Kd2 Ke5 28. a3 Bd8 29. Re2 Bg5 30. a4 Rf8 31. a5 Rf6 32. Nc2 Bg4 33. Nd4 Bxe2 34. Kxe2 Rxe3+ 0-1


[Site "https://www.chess.com"]

[Event "Titled Tuesday Blitz August 22 Early 2023"]
[White "Estrada Nieto, Julian"]
[Black "Morefield, Jason"]
[WhiteFideId "5101018"]
[BlackFideId "30920825"]
[WhiteElo "2523"]
[BlackElo "2695"]
[Result "0-1"]
[Round "8"]
[TimeControl "180+1"]
[Date "2023.08.22"]
[WhiteClock "0:00:17"]
[BlackClock "0:01:03"]
[Board "68"]

1. e4 c5 2. Nf3 d6 3. Bb5+ Bd7 4. Bxd7+ Nxd7 5. O-O Ngf6 6. Qe2 e6 7. b3 Be7 8. Bb2 O-O 9. d4 cxd4 10. Nxd4 Nc5 11. Nd2 d5 12. e5 Nfe4 13. Nxe4 Nxe4 14. f3 Nc5 15. Rad1 Qb6 16. Kh1 Rac8 17. f4 Ne4 18. f5 Bg5 19. Qg4 exf5 20. Rxf5 g6 21. Rf3 h5 22. Qh3 Bh6 23. Qh4 Bg7 24. e6 fxe6 25. Qe7 Rxf3 26. gxf3 Nf2+ 27. Kg2 Nxd1 28. Nf5 Qf2+ 29. Kh3 Qxf3+ 0-1


[Site "https://www.chess.com"]

[Event "Titled Tuesday Blitz August 22 Early 2023"]
[White "Karthik Rajaa"]
[Black "Pax-Pramana"]
[WhiteFideId "25035215"]
[WhiteElo "2694"]
[BlackElo "2519"]
[Result "1-0"]
[Round "8"]
[TimeControl "180+1"]
[Date "2023.08.22"]
[WhiteClock "0:01:34"]
[BlackClock "0:00:45"]
[Board "69"]

1. Nf3 Nf6 2. c4 c5 3. Nc3 Nc6 4. e3 g6 5. d4 cxd4 6. exd4 d5 7. cxd5 Nxd5 8. Qb3 Nxc3 9. Bc4 e6 10. bxc3 Na5 11. Bb5+ Bd7 12. Qa4 b6 13. Ne5 Bxb5 14. Qxb5+ Ke7 15. Ba3+ Kf6 16. Nd7+ Kg7 17. Bxf8+ Rxf8 18. Nxf8 Qxf8 19. O-O Rc8 20. Rac1 Qa3 21. Qd7 Rxc3 22. Rce1 Qxa2 23. Qxa7 Rc6 24. Re5 Nc4 25. Qxa2 1-0


[Site "https://www.chess.com"]

[Event "Titled Tuesday Blitz August 22 Early 2023"]
[White "ATM622"]
[Black "Hua, Lefong"]
[BlackFideId "2602253"]
[WhiteElo "2516"]
[BlackElo "2682"]
[Result "1-0"]
[Round "8"]
[TimeControl "180+1"]
[Date "2023.08.22"]
[WhiteClock "0:00:02"]
[BlackClock "0:00:00"]
[Board "70"]

1. d4 Nf6 2. c4 c5 3. d5 e6 4. Nc3 exd5 5. cxd5 d6 6. g3 g6 7. Bg2 Bg7 8. Nf3 O-O 9. O-O a6 10. a4 Re8 11. Nd2 Nbd7 12. Nc4 Ne5 13. Nxe5 Rxe5 14. e4 Re8 15. Re1 Rb8 16. a5 b5 17. axb6 Rxb6 18. Na4 Rb8 19. e5 dxe5 20. Nxc5 Bg4 21. Qa4 Nxd5 22. Qxg4 Nf6 23. Qa4 Qe7 24. b4 Rbd8 25. Qxa6 e4 26. Bg5 Qe5 27. Bxf6 Bxf6 28. Rad1 e3 29. fxe3 Rxd1 30. Rxd1 Qxe3+ 31. Kh1 Bc3 32. Qc4 Rb8 33. b5 Rc8 34. Rf1 Qxc5 35. Qxf7+ Kh8 36. Bc6 Bg7 37. Rd1 Rf8 38. Qd5 Qf2 39. Qg2 Qc5 40. Rf1 Rd8 41. Qe4 Rf8 42. Rxf8+ Qxf8 43. Kg2 Qc5 44. Bd5 Bd4 45. Qe8+ Kg7 46. Qf7+ Kh6 47. Qf4+ Kg7 48. Bc6 Bf6 49. Qe4 h5 50. h4 Qd4 51. Qxd4 Bxd4 52. Kf3 Kf6 53. Ke4 Bf2 54. Kf3 Bb6 55. Ke4 Bc7 56. Be8 Bxg3 57. b6 Bxh4 58. Kf3 1-0


[Site "https://www.chess.com"]

[Event "Titled Tuesday Blitz August 22 Early 2023"]
[White "Issabayev, Dias"]
[Black "Kavutskiy, Konstantin"]
[WhiteFideId "13703110"]
[BlackFideId "2026384"]
[WhiteElo "2515"]
[BlackElo "2678"]
[Result "1-0"]
[Round "8"]
[TimeControl "180+1"]
[Date "2023.08.22"]
[WhiteClock "0:00:06"]
[BlackClock "0:00:09"]
[Board "71"]

1. Nf3 Nf6 2. b3 g6 3. Bb2 Bg7 4. g3 O-O 5. Bg2 d6 6. d4 a5 7. O-O a4 8. c4 c6 9. bxa4 Nbd7 10. Nc3 Qa5 11. Nd2 Nb6 12. Qb3 Nxa4 13. Nxa4 Qxa4 14. e4 Nd7 15. Rfb1 c5 16. d5 Bxb2 17. Qxb2 Ne5 18. Qc3 Qa5 19. Qxa5 Rxa5 20. f4 Ng4 21. a4 Ne3 22. Ra2 e6 23. Bf3 h5 24. Ra3 Ng4 25. Nb3 Ra8 26. a5 Ne3 27. Nd2 Nc2 28. Rc3 Nb4 29. Nb3 exd5 30. cxd5 Re8 31. e5 Bf5 32. Rd1 Bc2 33. Rc1 Bxb3 34. Rxb3 Rxa5 35. exd6 Rd8 36. Re1 Rxd6 37. Re8+ Kg7 38. Rb8 b6 39. Re3 Ra7 40. Ree8 Rc7 41. Red8 Rxd8 42. Rxd8 Kf6 43. d6 Ra7 44. Kf2 Ke6 45. g4 hxg4 46. Bxg4+ f5 47. Bf3 Rd7 48. Rg8 Rxd6 49. Rxg6+ Ke7 50. Rg5 Kf6 51. h4 c4 52. h5 c3 53. Rg6+ Ke7 54. Rxd6 Kxd6 55. Ke3 Ke7 56. h6 Kf6 57. Bh5 Nd5+ 58. Kd4 b5 59. Bd1 b4 60. Kxd5 Kg6 61. Kc5 Kxh6 62. Kxb4 c2 63. Bxc2 Kh5 64. Bxf5 Kh4 65. Be6 Kh5 66. f5 Kh6 67. Kc5 Kg7 68. Kd5 Kf6 69. Kd6 1-0


[Site "https://www.chess.com"]

[Event "Titled Tuesday Blitz August 22 Early 2023"]
[White "Piesik, Piotr"]
[Black "Glavina, Pablo"]
[WhiteFideId "1136194"]
[BlackFideId "100234"]
[WhiteElo "2655"]
[BlackElo "2515"]
[Result "1-0"]
[Round "8"]
[TimeControl "180+1"]
[Date "2023.08.22"]
[WhiteClock "0:00:16"]
[BlackClock "0:00:00"]
[Board "72"]

1. Nf3 d6 2. d4 Nf6 3. g3 g6 4. Bg2 Bg7 5. O-O O-O 6. Nbd2 Nbd7 7. e4 e5 8. dxe5 dxe5 9. Qe2 c6 10. a4 Qc7 11. b3 Re8 12. Bb2 a5 13. Nc4 b6 14. Rfd1 Ba6 15. Nfd2 b5 16. axb5 cxb5 17. Ne3 Nc5 18. Nd5 Nxd5 19. exd5 Rad8 20. Qe3 f5 21. h4 f4 22. Qe1 Bb7 23. Ne4 Bxd5 24. Rxd5 Rxd5 25. Nf6+ Bxf6 26. Bxd5+ Kg7 27. Qxa5 Qd6 28. c4 Nxb3 29. Qxb5 Rb8 30. Ra7+ Kh6 31. Qa6 Qxa6 32. Rxa6 Bg7 33. g4 Nc5 34. Ra2 Nd3 35. Bc3 Rb1+ 36. Kg2 Rc1 37. Bd2 Rd1 38. Kf3 Ne1+ 39. Bxe1 Rxe1 40. c5 Rc1 41. c6 Rc3+ 42. Kg2 Rc5 43. Be4 g5 44. h5 Bf6 45. f3 Bd8 46. Ra7 Rc2+ 47. Bxc2 1-0


[Site "https://www.chess.com"]

[Event "Titled Tuesday Blitz August 22 Early 2023"]
[White "Mazurkiewicz, Michal"]
[Black "Nasir, Zehn"]
[WhiteFideId "1124943"]
[BlackFideId "2613239"]
[WhiteElo "2511"]
[BlackElo "2651"]
[Result "0-1"]
[Round "8"]
[TimeControl "180+1"]
[Date "2023.08.22"]
[WhiteClock "0:00:06"]
[BlackClock "0:00:15"]
[Board "73"]

1. e4 c6 2. d3 d5 3. Nd2 e5 4. Ngf3 Bg4 5. h3 Bxf3 6. Qxf3 Nf6 7. g4 h6 8. Bg2 Nbd7 9. O-O dxe4 10. Nxe4 Nxe4 11. Qxe4 Bc5 12. b4 Bd4 13. Rb1 a6 14. a4 Nf6 15. Qf3 Nd5 16. b5 axb5 17. axb5 Nc3 18. bxc6 Nxb1 19. cxb7 Rb8 20. Qc6+ Qd7 21. Qa6 O-O 22. Be3 Nc3 23. Bxd4 Qxd4 24. Kh1 Rfe8 25. Ra1 Qxf2 26. Qc6 Qd4 27. Ra8 Red8 28. Rxb8 Rxb8 29. Qc8+ Rxc8 30. bxc8=Q+ Kh7 31. Qc4 Kg6 32. Be4+ Nxe4 33. Qxd4 exd4 34. dxe4 Kg5 35. Kg2 Kf4 36. Kf2 Kxe4 37. Ke2 g6 38. h4 Kf4 39. Kd3 Ke5 40. Kc4 Ke4 41. Kc5 f5 42. h5 gxh5 43. gxf5 Kxf5 44. Kxd4 Kf4 45. c4 h4 46. c5 h3 47. c6 h2 48. c7 h1=Q 49. c8=Q Qd1+ 50. Kc3 Qc1+ 51. Kd3 Qxc8 0-1


[Site "https://www.chess.com"]

[Event "Titled Tuesday Blitz August 22 Early 2023"]
[White "only_strong_moves"]
[Black "Tregubov, Pavel V."]
[BlackFideId "4115341"]
[WhiteElo "2512"]
[BlackElo "2648"]
[Result "1-0"]
[Round "8"]
[TimeControl "180+1"]
[Date "2023.08.22"]
[WhiteClock "0:00:10"]
[BlackClock "0:00:00"]
[Board "74"]

1. d4 Nf6 2. Nc3 d5 3. Bf4 e6 4. Nb5 Na6 5. e3 c6 6. Nc3 Bd6 7. Nf3 Bxf4 8. exf4 O-O 9. Be2 c5 10. Bxa6 bxa6 11. dxc5 Qa5 12. Qd4 Rb8 13. O-O Rb4 14. Qd2 Qxc5 15. b3 Bd7 16. Ne5 Rc8 17. Nd3 Qxc3 18. Qxc3 Rxc3 19. Nxb4 a5 20. Nd3 Rxc2 21. Rfc1 Rd2 22. Ne5 Be8 23. Rc8 Kf8 24. f3 Nh5 25. g3 f6 26. Nd7+ Ke7 27. Nc5 g5 28. Re1 Ng7 29. Rc7+ Kd6 30. Rxg7 Kxc5 31. fxg5 fxg5 32. Rxg5 Kd6 33. Rg8 Bg6 34. Ra8 Rxa2 35. Rxa7 d4 36. Ra6+ Kc5 37. Rc1+ Kb4 38. Rc4+ Kb5 39. Rxe6 d3 40. Rd4 Rb2 41. f4 Kc5 42. Red6 Rxb3 43. f5 Bh5 44. Rxd3 1-0


[Site "https://www.chess.com"]

[Event "Titled Tuesday Blitz August 22 Early 2023"]
[White "Korelskiy, Egor"]
[Black "Bulmaga, Irina"]
[WhiteFideId "34329064"]
[BlackFideId "13903063"]
[WhiteElo "2508"]
[BlackElo "2647"]
[Result "1-0"]
[Round "8"]
[TimeControl "180+1"]
[Date "2023.08.22"]
[WhiteClock "0:00:04"]
[BlackClock "0:00:00"]
[Board "75"]

1. e4 c5 2. Nf3 Nc6 3. Bb5 g6 4. O-O Bg7 5. c3 Nf6 6. Re1 O-O 7. d4 d5 8. Bxc6 bxc6 9. e5 Ne4 10. Be3 cxd4 11. cxd4 f6 12. Qc2 Bd7 13. e6 Bxe6 14. Qxc6 Bf7 15. Qc2 Rc8 16. Qa4 Qb6 17. Nbd2 Qxb2 18. Qxa7 Ra8 19. Qxe7 Rfe8 20. Qc7 Nxd2 21. Bxd2 Rxe1+ 22. Rxe1 Qxa2 23. h3 Bf8 24. Qf4 Qa6 25. Rc1 Qd6 26. Qh4 Re8 27. Re1 Rxe1+ 28. Bxe1 Qe6 29. Bd2 Bd6 30. Qg4 Qxg4 31. hxg4 g5 32. Nh2 Be6 33. f3 Bc7 34. Nf1 Bb6 35. Be3 h6 36. Ng3 Kf7 37. Kf2 Kg6 38. Ke2 Bd7 39. Kf2 Bc7 40. Bd2 Bb5 41. Be3 Bc4 42. Nf5 Bb3 43. Ne7+ Kf7 44. Nf5 Kg6 45. Ne7+ Kh7 46. Nf5 Ba4 47. Ne7 Bb3 48. Nf5 Bc4 49. Ne7 Bd8 50. Nf5 Kg6 51. Nd6 Ba6 52. Nf5 Bc8 53. Nd6 Bd7 54. Nb7 Bc7 55. Nc5 Bc8 56. g3 f5 57. gxf5+ Bxf5 58. g4 Bc8 59. Nd3 h5 60. gxh5+ Kxh5 61. Ne5 Kh4 62. Ng6+ Kh3 63. Ne7 Be6 64. Bxg5 Bg3+ 65. Ke3 Be1 66. Ng6 Bf5 67. Nf4+ Kg3 68. Bh4+ Kxh4 69. Ng2+ Kg3 70. Nxe1 Bg6 71. Ke2 Kf4 72. Kf2 1-0


[Site "https://www.chess.com"]

[Event "Titled Tuesday Blitz August 22 Early 2023"]
[White "Gavilan Diaz, Mario"]
[Black "Frolyanov, Dmitry"]
[WhiteFideId "2260905"]
[BlackFideId "4151976"]
[WhiteElo "2497"]
[BlackElo "2641"]
[Result "0-1"]
[Round "8"]
[TimeControl "180+1"]
[Date "2023.08.22"]
[WhiteClock "0:00:02"]
[BlackClock "0:00:35"]
[Board "76"]

1. d4 d5 2. c4 e6 3. Nc3 c6 4. e4 dxe4 5. Nxe4 Bb4+ 6. Nc3 e5 7. Nf3 Nd7 8. Be2 exd4 9. Qxd4 Ngf6 10. O-O O-O 11. Bg5 h6 12. Bh4 Qb6 13. Qf4 Bxc3 14. bxc3 Qb2 15. Nd4 Qxc3 16. Nf5 Qe5 17. Qxe5 Nxe5 18. Nxh6+ Kh7 19. f4 Kxh6 20. fxe5 Ng4 21. Bg3 Kh7 22. Rf4 Nh6 23. Raf1 Be6 24. c5 Rad8 25. Rb1 Rd2 26. Bf1 Rxa2 27. Rxb7 Rd8 28. h3 Rd1 29. Kh2 Raa1 30. Kg1 Bc4 31. Rbxf7 Nxf7 32. Rxc4 Rxf1+ 33. Kh2 Rh1# 0-1


[Site "https://www.chess.com"]

[Event "Titled Tuesday Blitz August 22 Early 2023"]
[White "Reprintsev, Alexander"]
[Black "Aaditya Dhingra"]
[WhiteFideId "14100541"]
[BlackFideId "25678191"]
[WhiteElo "2489"]
[BlackElo "2639"]
[Result "1-0"]
[Round "8"]
[TimeControl "180+1"]
[Date "2023.08.22"]
[WhiteClock "0:01:24"]
[BlackClock "0:01:15"]
[Board "77"]

1. e4 c5 2. b3 Nc6 3. Bb2 d6 4. Bb5 Bd7 5. Ne2 a6 6. Bxc6 Bxc6 7. f3 Nf6 8. d4 cxd4 9. Nxd4 Bd7 10. c4 e6 11. Nc3 Be7 12. Qd2 O-O 13. h4 Rb8 14. a4 Re8 15. g4 Bc6 16. O-O-O Nd7 17. g5 Nc5 18. Qc2 Qb6 19. Ba3 Rbc8 20. b4 Nxa4 21. Nxa4 Bxa4 22. Qxa4 Rxc4+ 23. Nc2 Rec8 24. Rh2 Qe3+ 25. Kb1 Qxf3 26. Rdd2 Qxe4 27. Bb2 d5 28. Rde2 Qd3 29. Qa3 Qf3 30. Qxf3 1-0


[Site "https://www.chess.com"]

[Event "Titled Tuesday Blitz August 22 Early 2023"]
[White "Hirneise, Jens"]
[Black "Chen, Ryo"]
[WhiteFideId "24614734"]
[BlackFideId "7003072"]
[WhiteElo "2487"]
[BlackElo "2633"]
[Result "1-0"]
[Round "8"]
[TimeControl "180+1"]
[Date "2023.08.22"]
[WhiteClock "0:00:30"]
[BlackClock "0:00:17"]
[Board "78"]

1. Nf3 Nf6 2. b3 g6 3. Bb2 Bg7 4. g3 O-O 5. Bg2 d6 6. d4 b5 7. O-O Bb7 8. c4 bxc4 9. bxc4 Nbd7 10. Nbd2 Ne4 11. Nxe4 Bxe4 12. Qa4 Nb6 13. Qa6 Rb8 14. Nd2 Bxg2 15. Kxg2 Qd7 16. Rac1 c5 17. e3 cxd4 18. Bxd4 e5 19. Bxb6 Rxb6 20. Qa5 Qb7+ 21. Qd5 Rc8 22. Nb3 Qxd5+ 23. cxd5 Rxc1 24. Rxc1 Rb5 25. e4 f5 26. f3 Rb4 27. Rc6 Bf8 28. Ra6 fxe4 29. fxe4 Rxe4 30. Rxa7 Re2+ 31. Kf3 Rxh2 32. a4 Ra2 33. a5 Bh6 34. Rb7 Bd2 35. Nxd2 Rxd2 36. a6 Ra2 37. a7 Ra3+ 38. Kg2 h5 39. Rb8+ Kf7 40. a8=Q Rxa8 41. Rxa8 Kf6 42. Rd8 Kf7 43. Rxd6 1-0


[Site "https://www.chess.com"]

[Event "Titled Tuesday Blitz August 22 Early 2023"]
[White "Vlassov, Nikolai"]
[Black "Fule, Simon"]
[WhiteFideId "4103360"]
[BlackFideId "787515"]
[WhiteElo "2616"]
[BlackElo "2476"]
[Result "1-0"]
[Round "8"]
[TimeControl "180+1"]
[Date "2023.08.22"]
[WhiteClock "0:01:49"]
[BlackClock "0:00:34"]
[Board "80"]

1. e4 e5 2. Bc4 Nf6 3. d3 Nc6 4. Nf3 Be7 5. O-O d6 6. a4 O-O 7. a5 a6 8. c3 Be6 9. Nbd2 h6 10. Qb3 Bxc4 11. Nxc4 Qd7 12. Ne3 Rfe8 13. Nf5 Bf8 14. Re1 Kh7 15. h3 g6 16. Ne3 Bg7 17. Bd2 Nd8 18. Nh2 c6 19. Nc4 Qc7 20. f4 Ne6 21. fxe5 dxe5 22. Nf3 Nh5 23. Be3 Nhf4 24. Rad1 g5 25. Bb6 Qd6 26. Nxd6 1-0


[Site "https://www.chess.com"]

[Event "Titled Tuesday Blitz August 22 Early 2023"]
[White "Swicarz, Maciej"]
[Black "Kuzhilniy, Oleksandr"]
[WhiteFideId "1113585"]
[BlackFideId "34110500"]
[WhiteElo "2476"]
[BlackElo "2614"]
[Result "1-0"]
[Round "8"]
[TimeControl "180+1"]
[Date "2023.08.22"]
[WhiteClock "0:00:22"]
[BlackClock "0:00:06"]
[Board "81"]

1. e4 d5 2. exd5 Qxd5 3. Nc3 Qe5+ 4. Be2 Bg4 5. d4 Bxe2 6. Ngxe2 Qa5 7. O-O Nf6 8. Bf4 Nc6 9. a3 O-O-O 10. b4 Qh5 11. b5 Na5 12. Qd3 e6 13. Qg3 Rd7 14. Rfc1 Nd5 15. Nxd5 exd5 16. f3 f6 17. a4 g5 18. Bd2 Nc4 19. Be1 Bd6 20. Qh3 Qxh3 21. gxh3 Re8 22. Ng3 Bf4 23. Rcb1 Be3+ 24. Bf2 Rde7 25. c3 Nd2 26. Rb2 Nxf3+ 27. Kg2 Nh4+ 28. Kf1 Bf4 29. Rc2 Kd7 30. c4 dxc4 31. Rxc4 Nf3 32. Kg2 Nd2 33. Rc2 Ne4 34. Nf5 Re6 35. Ng7 f5 36. Nxe8 Rxe8 37. Bg3 Bxg3 38. hxg3 Nd6 39. Rf1 Re4 40. Rd2 Ke6 41. Rff2 Kd5 42. Rfe2 Nc4 43. Rxe4 fxe4 44. Rf2 Kxd4 45. Rf7 Ke3 46. Rxc7 Nd2 47. Rxb7 Ke2 48. Rxa7 e3 49. Re7 Nf3 50. b6 Ne1+ 51. Kh1 Kf2 52. b7 Nf3 53. b8=Q e2 54. Qb2 Kxg3 55. Qxe2 1-0


[Site "https://www.chess.com"]

[Event "Titled Tuesday Blitz August 22 Early 2023"]
[White "Rietze, Clemens, Dr."]
[Black "Bodnaruk, Anastasia"]
[WhiteFideId "24620351"]
[BlackFideId "4181751"]
[WhiteElo "2466"]
[BlackElo "2612"]
[Result "0-1"]
[Round "8"]
[TimeControl "180+1"]
[Date "2023.08.22"]
[WhiteClock "0:00:08"]
[BlackClock "0:00:06"]
[Board "82"]

1. d4 Nf6 2. c4 g6 3. f3 Bg7 4. e4 d6 5. Nc3 O-O 6. Be3 c5 7. Nge2 Nc6 8. d5 Na5 9. Ng3 a6 10. Rc1 e6 11. Be2 exd5 12. cxd5 b5 13. b3 Re8 14. O-O Bd7 15. Qd2 b4 16. Nd1 Bb5 17. Nb2 h5 18. Bg5 Qd7 19. Rfe1 Nh7 20. Be3 h4 21. Nh1 f5 22. Nf2 Nf6 23. exf5 Qxf5 24. Bxb5 axb5 25. Rcd1 Qxd5 26. Qc2 Qf5 27. Qxf5 gxf5 28. Rxd6 c4 29. Kf1 cxb3 30. axb3 Nxb3 31. Nbd3 Rad8 32. Rxd8 Rxd8 33. Nxb4 Bf8 34. Nc6 Rc8 35. Na7 Rc2 36. Nxb5 Nd5 37. Ba7 Bb4 38. Rd1 Nd2+ 39. Kg1 f4 40. Nd4 Ra2 41. Bb8 Bc5 42. Be5 Nc3 43. Re1 Nc4 44. Bf6 Bxd4 45. Bxd4 Ne2+ 46. Rxe2 Rxe2 47. Ne4 Kf7 48. Kf1 Ra2 49. Ng5+ Kg6 50. Ne6 Kf5 51. Ng7+ Kg6 52. Ne6 Ne3+ 53. Bxe3 fxe3 54. Nd4 Kf6 55. g3 Rxh2 56. gxh4 Ke5 57. Ne2 Rf2+ 58. Ke1 Rxf3 59. Nc1 Rh3 60. Ke2 Ke4 61. Nb3 Rh2+ 62. Ke1 Rb2 63. Nc5+ Kf3 64. Kd1 e2+ 65. Kc1 e1=Q+ 66. Kxb2 Qe5+ 67. Kb3 Qxc5 68. Ka4 Qb6 69. Ka3 Ke3 70. Ka2 Kd3 71. Ka3 Kc3 72. Ka4 Qb4# 0-1


[Site "https://www.chess.com"]

[Event "Titled Tuesday Blitz August 22 Early 2023"]
[White "Erzhanov, Arman"]
[Black "Rosh Jain"]
[WhiteFideId "4138821"]
[BlackFideId "25789465"]
[WhiteElo "2606"]
[BlackElo "2463"]
[Result "1-0"]
[Round "8"]
[TimeControl "180+1"]
[Date "2023.08.22"]
[WhiteClock "0:00:58"]
[BlackClock "0:00:23"]
[Board "83"]

1. e4 c5 2. Nf3 d6 3. d4 cxd4 4. Qxd4 Nc6 5. Qe3 Nf6 6. h3 g6 7. Be2 Bg7 8. O-O O-O 9. c4 Bd7 10. Nc3 Rc8 11. Rb1 a6 12. b3 Na5 13. Bb2 b5 14. cxb5 axb5 15. Nxb5 Bxb5 16. Bxb5 Rb8 17. Bd3 Nc6 18. Bc4 Na5 19. Be2 Nc6 20. Bc3 Qc7 21. Rfc1 Qb7 22. Bd3 Rfd8 23. b4 Rbc8 24. b5 Na7 25. a4 d5 26. e5 Ne4 27. Bd4 Ra8 28. Nd2 Nxd2 29. Qxd2 e6 30. a5 Rdc8 31. a6 Qd7 32. b6 Rxc1+ 33. Rxc1 Nb5 34. b7 Rf8 35. Bxb5 Qxb5 36. Qb2 Qxa6 37. b8=Q h5 38. Qd6 Qd3 39. Qc3 Qe4 40. Qe3 Qf5 41. Qf3 Qg5 42. Be3 Qh4 43. Qf4 Qxf4 44. Bxf4 Re8 45. Rc7 Rf8 46. Bg5 Kh7 47. Bf6 Kg8 48. Qe7 Kh7 49. Bxg7 Kxg7 50. Qxe6 d4 51. Qf6+ Kg8 52. e6 d3 53. Rxf7 Rxf7 54. Qxf7+ Kh8 55. e7 d2 56. e8=R# 1-0


[Site "https://www.chess.com"]